 Dungeon Crawl Stone Soup version 0.29-a0-819-g94b489e0ae (webtiles) character file.

Game seed: 3586941195294136526

37 hypnoticbox30 the Trooper (level 3, -1/33 HPs)
             Began as a Hill Orc Fighter on July 7, 2022.
             Was a Follower of Okawaru.
             Succumbed to their own poison gas
             ... on level 2 of the Dungeon.
             The game lasted 00:16:03 (2036 turns).

hypnoticbox30 the Trooper (Hill Orc Fighter)        Turns: 2036, Time: 00:16:04

Health: -1/33      AC:  7    Str: 17 (19) XL:     3   Next: 41%
Magic:  3/3        EV:  9    Int:  5 (7)  God:    Okawaru [*.....]
Gold:   182        SH:  4    Dex: 11 (14) Spells: 2/2 levels left

rFire   . . .      SeeInvis .   a - +0 long sword
rCold   . . .      Faith    .   c - +0 buckler
rNeg    . . .      Spirit   .   b - +0 scale mail
rPois   .          Reflect  .   (no helmet)
rElec   .          Harm     .   (no cloak)
rCorr   .          Rampage  .   (no gloves)
Will    .....                   (no boots)
Stlth   ..........              (no amulet)
HPRegen 0.11/turn               (no ring)
MPRegen 0.08/turn               (no ring)

@: lethally poisoned (-1 -> -41)
A: agile 1
a: Renounce Religion, Heroism


You were on level 2 of the Dungeon.
You worshipped Okawaru.
Okawaru was aware of your devotion.
You visited 1 branch of the dungeon, and saw 2 of its levels.

You collected 182 gold pieces.

Inventory:

Hand Weapons
 a - a +0 long sword (weapon)
Missiles
 f - 3 javelins (quivered)
Armour
 b - a +0 scale mail (worn)
 c - a +0 buckler (worn)
Scrolls
 e - a scroll of blinking
 k - a scroll of magic mapping {unknown}
Potions
 d - a potion of might
 j - a potion of curing


   Skills:
 + Level 4.0 Fighting
 + Level 2.8 Long Blades
 + Level 0.2 Throwing
 + Level 3.8 Armour
 + Level 3.6 Shields


You had 2 spell levels left.
You didn't know any spells.
Your spell library was empty.

Dungeon Overview and Level Annotations

Branches:
Dungeon (2/15)

Altars:
Okawaru


Innate Abilities, Weirdness & Mutations

You are agile. (Dex +4, Str/Int -1)


Message History

You closely miss the adder. The adder bites you but does no damage.
You slash the adder!
The adder is severely wounded.
The adder closely misses you. The adder bites you.
You hit the adder.
You kill the adder!
Okawaru accepts your kill.
Your Fighting skill increases to level 4!
Found a stone staircase leading down.
Things that are here:
an adder corpse; a jackal corpse; a jackal corpse You start resting.
HP restored.
Found a scroll labelled CEDWI UG EBYW.
Found 5 gold pieces.
g - a scroll labelled CEDWI UG EBYW You now have 182 gold pieces (gained 5).
As you read the scroll labelled CEDWI UG EBYW, it crumbles to dust.
You hear a loud clanging noise!
It was a scroll of noise.
Unknown command.
The air fills with toxic fumes!
As you read the scroll labelled UXEDAWU WESO, it crumbles to dust.
It was a scroll of poison.
Really walk into that cloud of poison gas?
Okay, then.
Really walk into that cloud of poison gas? [Y]es or [N]o only, please.
Really walk into that cloud of poison gas? [Y]es or [N]o only, please.
Really walk into that cloud of poison gas?
You are engulfed in poison gas.
You are poisoned.
You feel very sick.
You are engulfed in poison gas.
You are lethally poisoned!
* * * LOW HITPOINT WARNING * * *
You feel extremely sick.
You are engulfed in poison gas.
You are more poisoned.
You die...

#.###.##
###.#....#
.........#
###.#....#
#§§§§§§§##
#§§§§§§§#
#§§§§§§§#
#§§§§§§§#
#@§§§§§§#
#§§§§§§§#
#§§§§§§§#
#.§§§§§§#
#§§§§§§§#
#§§§§§§§#
#########


There were no monsters in sight!

Vanquished Creatures
  An adder (D:2)
  A dart slug (D:2)
  3 ball pythons (D:2)
  2 endoplasms
  A giant cockroach (D:1)
  2 goblins (D:2)
  4 jackals (D:2)
  2 kobolds (D:2)
  2 quokkas
  8 rats
26 creatures vanquished.

Notes
Turn   | Place    | Note
-------+----------+-------------------------------------------
     0 | D:1      | hypnoticbox30 the Hill Orc Fighter began the quest for the
                  | Orb.
     0 | D:1      | Reached XP level 1. HP: 19/19 MP: 1/1
   143 | D:1      | Found a faded altar of an unknown god.
   828 | D:1      | Prayed at the altar of an unknown god.
   828 | D:1      | Became a worshipper of Warmaster Okawaru
   828 | D:1      | Reached * piety under Okawaru
   861 | D:2      | Reached XP level 2. HP: 25/27 MP: 2/2
   930 | D:2      | Gained mutation: You are agile. (Dex +4, Str/Int -1)
                  | [potion of mutation]
   930 | D:2      | Gained mutation: You have an increased reservoir of magic.
                  | (+10% MP) [potion of mutation]
   930 | D:2      | Lost mutation: You have an increased reservoir of magic.
                  | (+10% MP) [potion of mutation]
  1937 | D:2      | Reached XP level 3. HP: 31/33 MP: 3/3
  1961 | D:2      | Reached skill level 4 in Fighting
  2036 | D:2      | Succumbed to their own poison gas

Illustrated notes

Levels and vault maps discovered:
D:1:      mrwooster_arrival_arrow, layout_rooms,
          shapermc_ecumenical_altar_acropolis
D:2:      cheibrodos_helix_gallery, layout_rooms, minmay_rat_gold_closets

Skill      XL: |  1  2  3 |
---------------+----------+-----
Fighting       | 4 |  4.0
Long Blades    | |  2.8
Throwing       | |  0.2
Armour         | |  3.8
Shields        | |  3.6

Action                   || total
-------------------------++-------
Melee: Long sword        ||    74
Throw: Javelin           ||     8
  Use: Scroll            ||     5
       Potion            ||     4
Armor: Scale mail        ||    37
Dodge: Dodged            ||    35
Block: Buckler           ||    22

Table legend: (Time is in decaauts)
 A = Elapsed time spent in this place.
 B = Non-inter-level travel time spent in this place.
 C = Inter-level travel time spent in this place.
 D = Time resting spent in this place.
 E = Time spent auto-exploring this place.
 F = Levels seen in this place.
 G = Mean time per level.
                   A        B        C        D        E       F      G
               +--------+--------+--------+--------+--------+-----+--------+
         Total |   2069 |   2069 |      0 |   1311 |      0 |   2 | 1034.5 |
       Dungeon |   2069 |   2069 |      0 |   1311 |      0 |   2 | 1034.5 |
               +--------+--------+--------+--------+--------+-----+--------+

Top non-repeatable levels by time:
     D:2: 1210 daAuts
     D:1: 859 daAuts
